 Dungeon Crawl Stone Soup version 0.30.1-3-gfc49f6343a (webtiles) character file.

Game seed: 9842522008007630215

25 coffeetime the Grave Robber (level 2, -2/22 HPs)
             Began as a Demonspawn Necromancer on July 25, 2023.
             Slain by a quokka (4 damage)
             ... on level 2 of the Dungeon.
             The game lasted 00:03:06 (1011 turns).

coffeetime the Grave Robber (DsNe)                  Turns: 1011, Time: 00:03:07

Health: -2/22      AC:  3    Str:  8    XL:     2   Next: 86%
Magic:  5/5        EV: 11    Int: 16    God:
Gold:   38         SH:  4    Dex: 13    Spells: 4/5 levels left

rFire   . . .        c - +0 mace
rCold   . . .        (no shield)
rNeg    . . .        e - +0 leather armour
rPois   .            (no helmet)
rElec   .            (no cloak)
rCorr   .            (no gloves)
SInv    .            (no boots)
Will    .....        (no amulet)
Stlth   ++           (no ring)
HPRegen 0.23/turn    (no ring)
MPRegen 0.09/turn

%: no passive effects
@: lethally poisoned (-2 -> -4)
A: condensation shield
a: no special abilities


You were on level 2 of the Dungeon.
You visited 1 branch of the dungeon, and saw 2 of its levels.

You collected 38 gold pieces.

Inventory:

Hand Weapons
 c - a +0 mace (weapon)
 k - a +0 sling
Missiles
 h - 19 stones (quivered)
Armour
 a - a +0 robe
 e - a +0 leather armour (worn)
 f - a +0 ring mail
Jewellery
 l - a ring of flight
Scrolls
 d - 3 scrolls of identify {unknown}
 g - a scroll of enchant weapon {unknown}
 i - a scroll of vulnerability {unknown}
 m - a scroll of amnesia {unknown}
Potions
 b - a potion of magic
 j - 2 potions of curing {unknown}
 n - 2 potions of mutation {unknown}


   Skills:
 + Level 1.8 Fighting
 - Level 2.0 Dodging
 - Level 2.0 Stealth
 - Level 2.1 Spellcasting
 - Level 4.5 Necromancy


You had 4 spell levels left.
You knew the following spells:

 Your Spells              Type           Power      Damage    Failure   Level
a - Necrotise             Necr           64%        1d7       4%          1

Your spell library contained the following spells:

 Spells                   Type           Power      Damage    Failure   Level
 Vampiric Draining        Necr           16%        2d7       14%         3
 Magic Dart               Conj           4%         1d3       30%         1
 Searing Ray              Conj           2%         2d4       41%         2
 Animate Dead             Necr           16%        N/A       43%         4
 Inner Flame              Hex/Fire       1%         N/A       65%         3
 Fulminant Prism          Conj/Hex       0%         3d5       96%         4
 Agony                    Necr           16%        N/A       78%         5
 Yara's Violent Unravell  Hex/Tmut       0%         3d3       100%        5
 Enfeeble                 Hex            0%         N/A       100%        7
 Chain Lightning          Conj/Air       0%         2d1       100%        9
 Fire Storm               Conj/Fire      0%         6d1       100%        9
 Shatter                  Erth           0%         3d5*      100%        9


Dungeon Overview and Level Annotations

Branches:
Dungeon (2/15)

Altars:


Innate Abilities, Weirdness & Mutations

A meltable shield of frost defends you. (SH +4)


Message History

Unknown command.
Okay, then.
Throw: 20 stones
Press: ? - help, Q - select action, (/) - cycle Shift-Dir - straight line, f/p - adder
Aim: an adder (35% to hit)
You throw a stone. The stone closely misses the adder.
The adder bites you but does no damage.
Unknown command.
You hit the adder.
The adder is moderately wounded.
The adder bites you.
You are poisoned.
The adder poisons you! The adder completely misses you.
You barely miss the adder.
The adder is moderately wounded.
You feel sick. You block the adder's attack. The quokka barely misses you.
The adder bites you.
You barely miss the adder.
The adder is moderately wounded.
You feel sick. The quokka barely misses you.
The adder bites you but does no damage. The quokka bites you.
You miss the adder.
The adder is moderately wounded.
You feel sick. The adder closely misses you. The quokka bites you.
The adder closely misses you.
You hit the adder.
The adder is heavily wounded.
You feel sick.
You are no longer poisoned.
The adder bites you.
* * * LOW HITPOINT WARNING * * *
You are poisoned.
The adder poisons you! The quokka bites you.
* * * LOW HITPOINT WARNING * * *
The adder barely misses you. The quokka barely misses you.
You miss the adder.
The adder is heavily wounded.
* * * LOW HITPOINT WARNING * * *
You feel sick. The adder bites you but does no damage. The quokka bites you.
You die...

†#.....# .......#
.......#####
............ #.....#####
#........##
#....###.##.##########..
#........##....#.r......
#.####...#####.#@#
#.#..........#.#S#
#.#.#######....#.# ..
#.#....# #
#.##...#####.#
..##.#.......#
#####.##.######
..$...........g
..<..####....#.


You could see an adder and a quokka.

Vanquished Creatures
  5 bats
  2 endoplasms (D:1)
  A goblin (D:1)
  3 hobgoblins (D:1)
  2 kobolds (D:1)
  6 ball pythons (D:1)
  4 frilled lizards (D:1)
  A rat (D:1)
24 creatures vanquished.

Notes
Turn   | Place    | Note
-------+----------+-------------------------------------------
     0 | D:1      | coffeetime the Demonspawn Necromancer began the quest for
                  | the Orb.
     0 | D:1      | Reached XP level 1. HP: 13/13 MP: 3/3
   221 | D:1      | Gained mutation: A meltable shield of frost defends you.
                  | (SH +4) [demonic ancestry]
   221 | D:1      | Reached XP level 2. HP: 19/19 MP: 5/5
   361 | D:1      | Reached skill level 1 in Fighting
  1011 | D:2      | Slain by a quokka

Illustrated notes

Levels and vault maps discovered:
D:1:      minmay_arrival_arboretum_small, layout_loops_ring,
          minmay_misc_feat_rugged
D:2:      layout_basic, minmay_octomino_e4

Skill      XL: |  1  2 |
---------------+-------+-----
Dodging        | 2 |  2.0
Stealth        | 2 |  2.0
Fighting       | 1 |  1.8
Spellcasting   | |  2.1
Necromancy     | |  4.5

Action                     || total
---------------------------++-------
  Melee: Mace              ||    98
         Punch             ||     1
  Throw: Stone             ||     2
   Stab: Sleeping          ||     1
 Armour: Leather armour    ||    32
         Robe              ||     4
  Dodge: Dodged            ||    86
  Block: Other             ||    15
